Map: Port Aleksander LE

Players

DisK

  • Race: Protoss Protoss
  • Spawn Location: 5:00

Future - Winner!

  • Race: Terran Terran
  • League: Grandmaster
  • Spawn Location: 11:00

Event: 2019 WCS Winter Americas

VOD

Have the link to the VOD?

Description

Time

  • Played on: Feb. 7, 2019, 2:07 p.m.
  • Length: 21:47

All games in this series

Show
View Real Time Build Order
Export as new Build Order

DisK Protoss 

Build Orders: 1 Gate Expand, Phoenix Opening, Blink Stalkers, Colossus Rush 

Get SALT Encoding   

  12  0:00  Probe  
  13  0:12  Probe  
  14  0:19  Pylon  
  14  0:24  Probe  
  15  0:33  Probe  
  15  0:37  Gateway  
  15  0:41  Probe  
  16  0:47  Assimilator  
  17  0:52  Probe  
  19  1:04  Probe  
  19  1:16  Probe  
  20  1:24  Nexus  
  20  1:34  Cybernetics Core  
  20  1:37  Probe  
  21  1:42  Assimilator  
  21  1:49  Probe  
  21  1:54  Pylon  
  22  2:01  Probe  
  22  2:02  Adept  
  23  2:12  Warp Gate  
  23  2:14  Probe  
  26  2:26  Sentry, Probe  
  27  2:33  Probe  
  29  2:38  Probe  
  29  2:42  Probe  
  31  2:45  Twilight Council  
  31  2:48  Stalker  
  31  2:50  Probe  
  33  2:54  Probe  
  36  3:02  Probe, Blink  
  36  3:03  Phoenix  
  37  3:07  Gateway  
  37  3:11  Gateway  
  37  3:13  Probe  
  37  3:15  Probe  
  39  3:25  Pylon  
  39  3:27  Probe  
  39  3:30  Probe  
  41  3:39  Probe  
  42  3:42  Probe  
  42  3:47  Robotics Facility  
  43  3:51  Probe  
  44  3:57  Gateway  
  44  4:04  Stalker x2  
  44  4:06  Probe x2  
  44  4:08  Stalker, Assimilator x2  
  52  4:12  Pylon  
  52  4:18  Probe x2  
  52  4:21  Forge  
  54  4:30  Probe x2  
  56  4:33  Pylon  
  56  4:37  Protoss Ground Weapons Level 1  
  56  4:44  Observer  
  56  4:45  Stalker, Robotics Bay, Probe x2  
  56  4:50  Pylon  
  58  5:06  Nexus  
  58  5:10  Pylon  
  58  5:11  Observer  
  58  5:12  Probe  
  60  5:15  Probe  
  60  5:20  Sentry  
  60  5:21  Stalker  
  65  5:24  Probe  
  65  5:27  Probe  
  67  5:29  Pylon  
  67  5:33  Extended Thermal Lance  
  66  5:39  Probe x2  
  65  5:42  Colossus  
  71  5:51  Probe x2  
  73  5:57  Stalker  
  75  6:04  Probe  
  75  6:05  Observer, Probe  
  75  6:11  Pylon  
  77  6:16  Probe  
  77  6:17  Probe  
  79  6:21  Probe  
  79  6:23  Pylon  
  79  6:24  Protoss Ground Weapons Level 2  
  79  6:29  Colossus, Probe  
  79  6:32  Charge  
  80  6:33  Probe x2  
  88  6:41  Stalker x2  
  92  6:48  Stalker  
  92  6:49  Probe  
  92  6:50  Probe  
  92  6:52  Probe  
  98  7:01  Assimilator, Probe  
  98  7:02  Probe  
  98  7:03  Assimilator, Pylon  
  99  7:11  Gateway x2  
  99  7:15  Warp Prism  
  99  7:20  Gateway  
  97  7:23  Gateway  
  97  7:26  Pylon  
  97  7:28  Probe x2  
  97  7:29  Probe  
  102  7:33  Pylon  
  102  7:37  Templar Archives  
  102  7:40  Forge, Probe  
  103  7:47  Colossus, Probe x2  
  103  7:50  Zealot x3  
  117  8:01  Probe x2  
  119  8:13  Psionic Storm, Protoss Ground Armor Level 1  
  119  8:17  Gateway  
  119  8:19  Gateway  
  119  8:20  Pylon  
  119  8:27  Nexus  
  119  8:30  Pylon  
  119  8:35  High Templar  
  119  8:36  High Templar x2  
  119  8:37  High Templar  
  119  8:38  Zealot x3  
  133  8:43  Observer  
  133  8:45  Protoss Ground Weapons Level 3  
  134  8:49  Pylon x2  
  134  8:52  Pylon  
  134  9:01  Gravitic Drive  
  134  9:03  Zealot x3  
  134  9:07  Pylon  
  134  9:08  Pylon  
  134  9:09  Stalker x3  
  146  9:12  Stalker  
  146  9:16  Stalker  
  150  9:19  Observer  
  151  9:31  Zealot  
  151  9:32  Zealot x4  
  161  9:40  Zealot x4  
  169  9:52  Stalker x4  
  177  10:05  Protoss Ground Armor Level 2  
  139  10:16  Zealot x4  
  139  10:17  Zealot x5  
  137  10:40  Dark Shrine  
  135  10:43  Stalker x6  
  137  11:04  Assimilator  
  137  11:05  Assimilator  
  137  11:06  Pylon  
  137  11:08  Colossus  
  137  11:09  Zealot x2  
  137  11:10  High Templar x4  
  149  11:11  Sentry x2  
  149  11:13  Stalker  
  149  11:14  Protoss Shields Level 1  
  149  11:16  Archon x2, Robotics Facility  
  155  11:24  Probe x3  
  164  11:43  Zealot x6  
  138  12:02  Zealot x3  
  138  12:06  Zealot x6  
  154  12:28  Colossus  
  120  12:31  Colossus  
  120  12:35  Stalker x9  
  150  12:59  Zealot x5  
  150  13:00  High Templar x2  
  150  13:01  High Templar  
  150  13:03  High Templar  
  166  13:25  Zealot x2  
  154  13:27  Zealot x3  
  154  13:33  Observer  
  154  13:34  Zealot x2  
  154  13:35  Zealot  
  159  14:00  Zealot  
  159  14:01  Zealot x2  
  159  14:02  Zealot x6  
  175  14:23  High Templar x5, Nexus  
  175  14:24  High Templar x2  
  189  14:28  Archon x3  
  154  14:49  Zealot x2  
  126  14:59  Stalker x7  
  136  15:24  Stalker  
  136  15:25  Stalker x4  
  146  15:31  Zealot x2  
  150  15:42  High Templar x2  
  154  15:49  Stalker x4  
  162  16:04  Warp Prism  
  162  16:05  Dark Templar  
  162  16:06  Dark Templar  
  162  16:08  High Templar  
  168  16:12  Probe x4  
  174  16:25  High Templar x4  
  181  16:30  Archon  
  181  16:31  Archon  
  181  16:32  Assimilator  
  181  16:33  Pylon  
  181  16:36  Pylon  
  177  16:42  Zealot x5  
  187  17:00  High Templar  
  183  17:01  Zealot x3  
  183  17:03  Zealot x5  
  183  17:16  Nexus  
  183  17:28  Pylon x2  
  144  17:44  Zealot x6  
  134  17:58  Observer  
  134  18:05  Stalker x2  
  118  18:30  High Templar x6  
  130  18:35  Archon x2  
  130  18:36  Archon  
  130  18:43  Nexus  
  130  19:03  High Templar x6  
  130  19:08  Disruptor  
  130  19:09  Pylon  
  141  19:20  Nexus  
  144  19:35  Zealot x3  
  144  19:36  Zealot x3  
  155  19:55  Stalker  
  155  19:56  Stalker x5  
  165  20:06  Observer  
  152  20:25  Stalker x6  
  154  20:51  Zealot x6  
  154  21:18  Zealot x4  
  116  21:39  Archon  
Show
View Real Time Build Order
Export as new Build Order

Future Terran - Winner!

Build Orders: Gas First Reaper Expand, Liberator Opening 

Get SALT Encoding   

  12  0:00  SCV  
  13  0:12  SCV  
  14  0:17  Supply Depot  
  14  0:24  SCV  
  15  0:30  Refinery  
  15  0:39  SCV  
  16  0:45  Barracks  
  16  0:51  SCV  
  17  1:03  SCV  
  18  1:15  SCV  
  19  1:32  Reaper, Orbital Command  
  20  1:45  Command Center  
  20  1:56  Factory  
  20  2:00  SCV  
  21  2:07  Barracks Reactor  
  21  2:12  SCV  
  21  2:14  Refinery  
  22  2:17  Supply Depot  
  22  2:25  SCV  
  23  2:38  SCV  
  24  2:44  Starport  
  24  2:49  Hellion  
  24  2:50  Hellion  
  24  2:51  SCV  
  29  2:56  Orbital Command  
  29  3:03  SCV, Liberator  
  30  3:11  Hellion x2  
  34  3:15  SCV  
  35  3:24  SCV  
  39  3:27  SCV  
  39  3:28  Barracks Tech Lab  
  40  3:36  SCV  
  40  3:39  SCV  
  40  3:40  Supply Depot  
  42  3:48  SCV  
  43  3:50  Liberator  
  43  3:51  Siege Tank  
  43  3:54  Supply Depot  
  46  4:01  SCV, Marine x2  
  46  4:02  SCV  
  49  4:05  Supply Depot  
  52  4:14  SCV x2  
  54  4:19  Marine x2  
  56  4:26  SCV x2  
  56  4:27  Siege Tank  
  56  4:29  Supply Depot  
  61  4:38  SCV x2  
  63  4:39  Command Center  
  63  4:42  Marine  
  63  4:43  Marine  
  62  4:50  SCV x2  
  64  5:00  Engineering Bay, Refinery  
  64  5:01  Engineering Bay, Refinery  
  64  5:05  SCV x2  
  66  5:15  Stimpack, Barracks x2  
  66  5:17  SCV x2  
  66  5:18  Starport Reactor, Factory Reactor  
  68  5:24  Supply Depot  
  68  5:29  SCV x2, Marine  
  68  5:32  Terran Infantry Armor Level 1  
  68  5:34  Supply Depot  
  68  5:35  Terran Infantry Weapons Level 1  
  71  5:41  SCV x2  
  68  5:49  Marine  
  66  5:53  Orbital Command, Barracks  
  66  5:54  Barracks  
  67  5:58  SCV x2  
  67  6:02  Factory Tech Lab  
  69  6:06  Marine x2  
  71  6:11  Marine x3  
  71  6:17  SCV x2  
  74  6:25  Marine  
  76  6:29  SCV, Orbital Command, Marine  
  76  6:30  Siege Tank  
  76  6:32  SCV  
  81  6:34  Armory, Marine  
  81  6:37  Medivac x2  
  86  6:41  SCV  
  86  6:42  Supply Depot, Marine  
  86  6:43  Barracks Reactor x2  
  86  6:44  SCV  
  89  6:51  Marine x3  
  89  6:54  SCV x2  
  93  6:56  SCV  
  93  6:59  Refinery  
  93  7:00  Refinery  
  95  7:02  Siege Tank  
  95  7:04  Missile Turret  
  95  7:06  SCV x2  
  95  7:07  Medivac x2  
  104  7:09  Marine  
  104  7:11  SCV  
  104  7:14  Marine  
  108  7:18  SCV  
  108  7:20  Combat Shield  
  111  7:23  SCV  
  111  7:28  SCV, Supply Depot x2  
  108  7:30  Terran Infantry Weapons Level 2, Supply Depot  
  108  7:32  SCV  
  108  7:34  Terran Infantry Armor Level 2  
  108  7:35  SCV, Marine  
  111  7:38  Medivac  
  113  7:47  Siege Tank  
  113  7:49  Marine x8  
  124  7:54  Supply Depot  
  124  7:57  Supply Depot  
  124  7:58  Supply Depot  
  124  8:00  Supply Depot  
  124  8:01  Terran Vehicle Weapons Level 1  
  124  8:02  Factory  
  124  8:05  Marine  
  125  8:06  Marine  
  125  8:07  Marine x2  
  125  8:10  Missile Turret x2, Marine  
  129  8:13  Marine  
  129  8:14  Marine  
  129  8:19  Siege Tank  
  134  8:21  Medivac  
  134  8:22  Medivac  
  134  8:23  Marine x3  
  134  8:24  Marine  
  134  8:25  Marine  
  134  8:26  Marine  
  144  8:28  Marine  
  144  8:31  Marine  
  144  8:34  Marine  
  146  8:40  Supply Depot  
  146  8:41  Marine  
  148  8:42  Marine  
  148  8:43  Marine x3  
  148  8:44  Marine  
  148  8:46  Marine  
  154  8:49  Marine  
  154  8:51  Factory Tech Lab  
  154  8:52  Siege Tank, Marine  
  154  8:54  Missile Turret  
  159  8:58  Medivac x2, Marine  
  159  8:59  Missile Turret  
  159  9:00  Missile Turret  
  159  9:02  Marine, Supply Depot  
  164  9:03  Marine x4  
  164  9:04  Supply Depot  
  164  9:07  Marine x2  
  171  9:11  Marine  
  171  9:16  Siege Tank, Marine  
  176  9:20  Marine x2  
  176  9:24  Siege Tank  
  181  9:28  Concussive Shells  
  181  9:30  Medivac x2  
  185  9:31  Marine  
  185  9:33  Marine  
  187  9:42  Marine x4  
  191  9:48  Siege Tank, Marine  
  191  9:49  Marine  
  191  9:51  Marine  
  197  10:02  Marine  
  197  10:03  Marine x2  
  197  10:04  Siege Tank  
  159  10:16  Marine x2  
  159  10:17  Marine  
  159  10:20  Siege Tank  
  158  10:23  Marine x4  
  158  10:24  Marine  
  151  10:29  Marine  
  151  10:33  Marine  
  151  10:34  Marine  
  151  10:36  Siege Tank, Marine  
  151  10:40  Marine  
  151  10:41  Marine x3  
  151  10:42  Marine  
  160  10:43  Medivac, Barracks  
  160  10:44  Medivac  
  160  10:46  Command Center, Barracks  
  160  10:47  Marine  
  163  10:51  Marine  
  163  10:52  Marine  
  163  10:53  Marine  
  165  10:58  Marine, Terran Infantry Weapons Level 3  
  165  10:59  Marine x3  
  165  11:00  Command Center, Marine  
  171  11:04  Siege Tank, Marine  
  171  11:07  Barracks x2  
  171  11:08  Siege Tank  
  171  11:09  Marine  
  171  11:10  Barracks, Marine  
  177  11:11  Marine  
  177  11:13  Terran Infantry Armor Level 3  
  177  11:17  Marine x3  
  181  11:19  Marine  
  181  11:24  Marine  
  181  11:25  Marine  
  184  11:27  Marine x2  
  184  11:29  Marine  
  187  11:35  Marine x2  
  187  11:36  Siege Tank  
  187  11:38  Marine  
  187  11:39  Marine  
  194  11:40  Siege Tank  
  194  11:42  Marine x2  
  194  11:46  Liberator x2  
  192  11:47  Marine  
  192  11:52  Marine  
  193  11:56  Marine x5  
  195  12:07  Marine  
  197  12:08  Siege Tank  
  186  12:26  Marine x6  
  164  12:32  Marine x2  
  163  12:40  Siege Tank  
  163  12:43  Siege Tank, Marine  
  163  12:44  Marine x5  
  170  12:48  Barracks Reactor x2  
  170  12:49  Barracks Reactor  
  170  12:50  Barracks Reactor, Marine x2  
  170  12:51  Liberator  
  176  13:01  Marine  
  176  13:05  Planetary Fortress  
  177  13:07  Missile Turret  
  177  13:12  Siege Tank  
  183  13:14  Marine x2  
  183  13:15  Siege Tank  
  186  13:22  Liberator  
  169  13:30  Marine  
  169  13:31  SCV, Marine x8  
  169  13:34  Liberator  
  176  13:42  Marine  
  176  13:44  Siege Tank  
  176  13:47  Siege Tank  
  186  13:58  Refinery  
  186  13:59  Refinery  
  186  14:00  Command Center  
  188  14:05  Liberator  
  186  14:16  Siege Tank  
  189  14:24  Marine x4  
  192  14:27  Missile Turret  
  192  14:28  Marine  
  123  14:31  Liberator  
  197  14:32  Siege Tank  
  183  14:48  Siege Tank, Liberator  
  183  14:49  Marine x5  
  183  14:52  Marine  
  163  14:53  Marine  
  163  14:55  Marine x3  
  163  14:56  Marine x4  
  163  14:57  SCV  
  172  15:00  Marine  
  172  15:04  Siege Tank  
  171  15:07  Marine x3  
  174  15:19  Liberator  
  174  15:20  Siege Tank  
  175  15:22  Marine  
  172  15:30  Missile Turret, Liberator, Marine x13  
  177  15:36  Siege Tank  
  186  15:50  Missile Turret, Marine x2  
  186  15:51  Marine  
  186  15:52  Siege Tank  
  191  15:59  Planetary Fortress  
  191  16:04  Missile Turret  
  191  16:08  Siege Tank  
  191  16:10  Sensor Tower  
  194  16:13  Sensor Tower  
  194  16:25  Medivac  
  196  16:28  Marine  
  196  16:30  Medivac  
  196  16:48  Liberator  
  196  17:07  Marine  
  199  17:08  Marine  
  199  17:15  Terran Vehicle Weapons Level 2  
  199  17:16  Neosteel Armor  
  199  17:17  Command Center  
  199  17:20  Command Center  
  199  17:21  Refinery x2  
  199  17:24  Liberator  
  199  17:29  Sensor Tower  
  199  17:31  Liberator  
  193  17:40  Siege Tank  
  193  17:41  Siege Tank  
  157  17:44  Marine x3  
  157  17:45  Marine x7  
  148  17:51  Marine x6  
  153  18:02  Marine x4  
  157  18:07  Liberator  
  157  18:11  Marine  
  157  18:12  Marine  
  158  18:13  Siege Tank  
  158  18:17  Liberator  
  154  18:27  Marine x4  
  154  18:30  Siege Tank  
  149  18:35  Marine  
  149  18:36  Orbital Command  
  149  18:40  Marine x2  
  155  18:50  Liberator  
  155  18:55  Orbital Command  
  161  19:02  Orbital Command  
  161  19:04  Liberator  
  161  19:05  Siege Tank  
  161  19:06  Siege Tank  
  164  19:22  Marine x6  
  173  19:31  Sensor Tower  
  173  19:35  Marine  
  173  19:37  Siege Tank  
  177  19:39  Siege Tank, Marine  
  177  19:40  Marine x4  
  185  19:48  Marine  
  185  19:49  Marine x5  
  190  19:57  Marine  
  189  20:09  Siege Tank  
  187  20:20  Marine  
  172  20:32  Missile Turret  
  172  20:42  Siege Tank  
  164  20:44  Siege Tank  
  164  20:46  Marine x6  
  164  20:49  Marine x4  
  169  20:50  Marine x2  
  169  20:56  Missile Turret  
  174  20:57  Orbital Command  
  174  21:11  Marine x5  
  174  21:12  Marine x5  
  174  21:13  Marine  
  174  21:14  Siege Tank  
  187  21:23  Marine  
Tags
 
Add a new tag
Caveats
  • Supply blocks, unpowered buildings, or Contaminate may cause inaccurate times.
  • Supply counts are checked every 10 seconds.